 Dungeon Crawl Stone Soup version 0.19.0-2-gae57169 (webtiles) character file.

121331 imganon the Executioner (level 16, -9/123 HPs)
             Began as a Demonspawn Berserker on Nov 4, 2016.
             Was the Champion of Trog.
             Killed from afar by a shock serpent (31 damage)
             ... with a bolt of electricity
             ... on level 1 of the Snake Pit.
             The game lasted 01:24:41 (33204 turns).

imganon the Executioner (Demonspawn Berserker)     Turns: 33204, Time: 01:24:41

Health: -9/123     AC: 30    Str: 24    XL:     16   Next: 32%
Magic:  5/5        EV: 13    Int:  8    God:    Trog [******]
Gold:   2160       SH:  0    Dex: 19    Spells: 0 memorised, 15 levels left

rFire  . . .     SeeInvis .     S - +7 executioner's axe (antimagic)
rCold  + + .     Gourm    .     Q - +3 plate armour
rNeg   + . .     Faith    .     (shield currently unavailable)
rPois  +         Spirit   .     l - +0 helmet of Defence {rPois rN+}
rElec  .         Reflect  .     n - +1 cloak {MR+}
rCorr  .         Harm     .     J - +1 pair of gloves
MR     ++...                    (no boots)
Stlth  ..........               t - amulet of magic regeneration
                                (no ring)
                                R - ring of protection from cold

@: agile
A: hooves 2, iridescent scales 3, cold resistance 1, powered by death 2, powered
by pain 2
a: Berserk, Trog's Hand, Brothers in Arms, Burn Spellbooks, Renounce Religion


You were on level 1 of the Snake Pit.
You worshipped Trog.
Trog was exalted by your worship.
You were not hungry.

You visited 4 branches of the dungeon, and saw 24 of its levels.
You also visited: Labyrinth, Sewer and Volcano.

You collected 3521 gold pieces.
You spent 1361 gold pieces at shops.

Inventory:

Hand Weapons
 S - a +7 antimagic executioner's axe (weapon)
 T - a +1 broad axe of flaming
Missiles
 G - 3 javelins of penetration (quivered)
Armour
 l - the +0 helmet of Defence (worn) {rPois rN+}
   (You found it on level 8 of the Dungeon)

   It protects you from poison.
   It protects you from negative energy.
 n - a +1 cloak of magic resistance (worn)
 J - a +1 pair of gloves (worn)
 Q - a +3 plate armour (worn)
Jewellery
 h - a cursed amulet of inaccuracy {unknown}
 i - a cursed +2 amulet of reflection {unknown}
 t - an amulet of magic regeneration (around neck)
 y - an uncursed ring of poison resistance
 L - an uncursed amulet of rage {unknown}
 O - a +3 amulet of reflection {unknown}
 R - a ring of protection from cold (left hand)
 U - an uncursed ring of ice
 X - an uncursed amulet of regeneration {unknown}
Wands
 x - a wand of disintegration (0/24)
 H - a wand of teleportation (1/9)
 Y - a wand of teleportation (2/9)
 Z - a wand of digging (20/24)
Scrolls
 a - 2 scrolls of silence
 b - 3 scrolls of blinking
 k - 8 scrolls of enchant armour
 s - 3 scrolls of fear
 u - 4 scrolls of recharging
 w - 3 scrolls of magic mapping
 z - 2 scrolls of fog
 D - 2 scrolls of vulnerability
 K - a scroll of torment {unknown}
 N - 6 scrolls of remove curse
 P - a scroll of brand weapon
 V - 6 scrolls of identify
Potions
 e - 7 potions of lignification
 f - 2 potions of magic
 g - 5 potions of haste
 j - 4 potions of ambrosia
 o - 4 potions of flight
 q - a potion of resistance
 r - 5 potions of might
 A - 2 potions of invisibility
 C - 4 potions of agility
 E - 2 potions of cure mutation
 F - a potion of heal wounds
 I - 6 potions of brilliance
 M - 4 potions of curing
 W - 2 potions of berserk rage
Books
 B - a book of Geomancy

   Spells                             Type                      Level
   a - Sandblast                      Earth                        1
   b - Passwall                       Transmutation/Earth          2
   c - Stone Arrow                    Conjuration/Earth            3
   d - Petrify                        Transmutation/Earth          4
   e - Lee's Rapid Deconstruction     Earth                        5
   Trog disapproves of the use of such an item.
Comestibles
 c - 5 bread rations
 d - 6 meat rations
 m - a slice of pizza
 p - 6 royal jellies
 v - 4 beef jerkies


   Skills:
 - Level 10.4 Fighting
 + Level 21.7 Axes
 - Level 10.5 Armour
 - Level 1.7 Dodging


You had 15 spell levels left.
You didn't know any spells.

Dungeon Overview and Level Annotations

Branches:
Dungeon (15/15)            Temple (0/1) D:5            Lair (6/6) D:8
 Shoals (0/4) Lair:2        Snake (1/4) Lair:4        Slime (0/5) Lair:5
    Orc (2/2) D:11            Elf (0/3) Orc:2        Vaults (0/5) D:14
 Depths (0/5) D:15

Altars:
Ashenzari
Fedhas
Gozag
Hepliaklqana
Makhleb
Qazlal
Ru
Vehumet
Xom
Zin
The Shining One

Shops:
D:5 [   D:6 }   D:10 %**[[   Orc:1 !   Orc:2 (%:}

Annotations:
Lair:4 exclusion: ice statue
Lair:5 exclusion: 2 oklob plants


Innate Abilities, Weirdness & Mutations

You have hoof-like feet.
You are completely covered in iridescent scales. (AC +6)
Your flesh is cold resistant. (rC+)
You regenerate health from kills.
You sometimes gain power by taking damage.


Message History

The shock serpent bites you but does no damage.
You hit the shock serpent. You kick the shock serpent.
The shock serpent is lightly wounded.
The shock serpent closely misses you.
You barely miss the shock serpent. Your kick misses the shock serpent.
The shock serpent is lightly wounded.
The shock serpent bites you but does no damage.
Unknown command.
You carve the shock serpent like a ham!!!
You kick the shock serpent.
The shock serpent is almost dead.
The shock serpent's electric aura discharges violently, shocking you!
* * * LOW HITPOINT WARNING * * *
The shock serpent shoots out a bolt of lightning at you!
The bolt of electricity hits you!
* * * LOW HITPOINT WARNING * * *
You focus on the pain.
You feel more agile all of a sudden. The bolt of electricity hits you!
You die...

# ########..##.#.## # #
#.........##.##.## ## #
#.####)##.###.##.# #.
####.####.##.###.##.# ##.
............>##.##.## ##.#
####+####.####.##.## ##.##
......###(# #.#.## ###.##
.......##.####.#.# #..##
.......##((..#.#@# #.##
.......'.....#.#S## #.#
.......##.##.#.##.## ##.#
.......##.##.##.##.####.##.###
.......##.##.###.##..).##.##.#
..)....##.##.####.######.##.##
)......##.##.##.##....).##.##
.[.....##.##..'..########.##
.......##.##.##..........##


You could see a shock serpent.

Vanquished Creatures
  Rupert (D:12)
  Snorg (Orc:1)
  A minotaur (Lab)
  Fannar (Lair:1)
  5 hydras
  3 naga warriors (Snake:1)
  2 catoblepae
  The ghost of removeelyvilon the Summoner, a journeyman DsSu of Sif Muna (Lair:1)
  The ghost of zkyp the Cleaver, a novice DDMo of Makhleb (Lab)
  6 centaur warriors
  4 death yaks (Lair:4)
  2 anacondas (Snake:1)
  3 alligators (Lair:5)
  5 naga sharpshooters (Snake:1)
  Urug (D:12)
  4 orc high priests
  A skeletal warrior (D:15)
  A swamp dragon (Lair:5)
  A wizard (D:14)
  Pikel (D:8)
  5 hill giants
  2 naga ritualists (Snake:1)
  A necromancer (D:15)
  A phantasmal warrior (D:15)
  4 orc sorcerers
  7 mana vipers (Snake:1)
  5 orc knights
  10 ugly things
  6 cyclopes
  2 manticores
  6 salamanders
  18 elephants
  Joseph (D:7)
  A guardian serpent (Snake:1)
  4 naga magi (Snake:1)
  21 black mambas
  A centaur zombie (D:14)
  4 centaur skeletons
  11 spiny frogs
  A gargoyle (D:11)
  2 freezing wraiths (D:15)
  A spiny frog (shapeshifter) (D:15)
  5 yaktaurs
  3 rime drakes
  8 komodo dragons
  A kobold demonologist (D:14)
  2 tengu conjurers (D:15)
  A spriggan skeleton (D:15)
  4 polar bears
  4 trolls
  A merfolk (D:9)
  4 hornets
  12 slime creatures
  3 two-headed ogres
  15 blink frogs
  An ettin zombie (D:15)
  8 hippogriffs
  A fire dragon zombie (D:15)
  A vampire (D:14)
  A centaur simulacrum (D:15)
  3 wyverns
  A shadow (D:15)
  16 humans
  37 yaks
  12 spriggans (Lair:6)
  Grum (D:8)
  7 fire bats (Volcano)
  A basilisk (Lair:3)
  6 wraiths
  A hungry ghost (D:15)
  2 swamp worms (Lair:5)
  A warg (Orc:1)
  A mottled dragon (D:15)
  19 nagas
  7 water moccasins
  7 porcupines
  29 orc warriors
  A slave (D:8)
  Purgy (Sewer)
  2 phantoms
  9 ice beasts
  4 black bears
  A sky beast (D:13)
  4 boggarts (Lair:6)
  28 wolves
  13 ogres
  21 centaurs
  16 crocodiles
  Blork the orc (D:5)
  3 big kobolds
  20 bullfrogs
  2 wyvern skeletons
  5 scorpions
  The ghost of usedmeteor the Sneak, a weakling TrAs (D:3)
  15 killer bees
  2 vampire bats (Orc:2)
  14 wights
  6 howler monkeys
  3 jellies
  7 lava snakes (Volcano)
  6 bullfrog zombies
  4 crimson imps
  A quasit (D:13)
  Crazy Yiuf (D:2)
  A bullfrog skeleton (D:6)
  5 hounds
  21 orc priests
  31 orc wizards
  4 iguanas
  Terence (D:2)
  10 worker ants
  A hound skeleton (D:4)
  Robin (D:2)
  15 adders
  3 gnolls (D:7)
  3 river rats (D:8)
  3 shadow imps
  3 white imps (Lair:4)
  2 oozes (D:3)
  An adder skeleton (D:7)
  An adder zombie (D:10)
  2 worms
  3 dart slugs (D:1)
  9 leopard geckos
  70 orcs
  20 bats
  10 giant cockroaches
  14 goblins
  4 hobgoblins
  6 quokkas
  3 frilled lizards
  A jackal skeleton (D:4)
  18 kobolds
  A leopard gecko skeleton (D:5)
  A leopard gecko zombie (D:8)
  3 quokka zombies
  8 rats
  2 bushes (Lair:2)
  7 fungi
  24 plants
888 creatures vanquished.

Vanquished Creatures (collateral kills)
  Agnes (D:14)
  A red draconian (Volcano)
  A salamander mystic (Volcano)
  3 salamanders (Volcano)
  A molten gargoyle (Volcano)
7 creatures vanquished.

Vanquished Creatures (others)
  A slave (D:8)
  An ogre (D:8)
  2 bushes (Lair:6)
  27 fungi
  18 plants
  12 withered plants (D:15)
61 creatures vanquished.

Grand Total: 956 creatures vanquished

Notes
Turn   | Place    | Note
-------+----------+-------------------------------------------
     0 | D:1      | imganon the Demonspawn Berserker began the quest for the Orb.
     0 | D:1      | Reached XP level 1. HP: 18/18 MP: 1/1
   140 | D:1      | Reached skill level 3 in Axes
   266 | D:1      | Gained mutation: You regenerate a little health from kills. [demonic ancestry]
   266 | D:1      | Reached XP level 2. HP: 12/24 MP: 2/2
   882 | D:2      | Noticed Robin
   914 | D:2      | Killed Robin
   914 | D:2      | Gained mutation: You have large cloven feet. [demonic ancestry]
   914 | D:2      | Reached XP level 3. HP: 29/29 MP: 3/3
   914 | D:2      | Reached skill level 4 in Axes
  1050 | D:2      | Found a faded altar of an unknown god.
  1086 | D:2      | Reached ** piety under Trog
  1110 | D:2      | Gained mutation: You have hoof-like feet. [demonic ancestry]
  1110 | D:2      | Reached XP level 4. HP: 22/35 MP: 4/4
  1636 | D:2      | Found a hazy altar of Hepliaklqana.
  1670 | D:2      | Noticed Terence
  1674 | D:2      | Killed Terence
  1674 | D:2      | Reached skill level 5 in Axes
  1729 | D:2      | Found a radiant altar of Vehumet.
  1737 | D:2      | Gained mutation: You are partially covered in iridescent scales. (AC +2) [demonic ancestry]
  1737 | D:2      | Reached XP level 5. HP: 39/41 MP: 5/5
  1908 | D:2      | Found a runed door.
  1961 | D:2      | Found a glowing golden altar of the Shining One.
  2017 | D:2      | Found a glowing silver altar of Zin.
  2060 | D:2      | Noticed Crazy Yiuf
  2065 | D:2      | Killed Crazy Yiuf
  2130 | D:3      | Noticed usedmeteor's ghost (weakling TrAs)
  2146 | D:3      | Killed usedmeteor's ghost
  2146 | D:3      | Reached skill level 6 in Axes
  2309 | D:3      | Reached XP level 6. HP: 11/47 MP: 0/6
  2767 | D:3      | Reached *** piety under Trog
  4016 | D:5      | Entered Level 5 of the Dungeon
  4094 | D:5      | Reached skill level 7 in Axes
  4245 | D:5      | Found Pise's Antique Armour Boutique.
  4344 | D:5      | Found a staircase to the Ecumenical Temple.
  4350 | D:5      | Noticed Blork the orc
  4377 | D:5      | Killed Blork the orc
  4377 | D:5      | Gained mutation: You sometimes gain a little power by taking damage. [demonic ancestry]
  4377 | D:5      | Reached XP level 7. HP: 52/52 MP: 7/7
  5117 | D:6      | Reached skill level 8 in Axes
  5148 | D:6      | Found a glowing drain.
  5179 | Sewer    | Entered a sewer
  5299 | Sewer    | Noticed Purgy
  5311 | Sewer    | Killed Purgy
  5470 | D:6      | Found a stormy altar of Qazlal.
  5470 | D:6      | Noticed a hornet
  5473 | D:6      | Paralysed by a hornet for 3 turns
  5481 | D:6      | Killed a hornet
  5481 | D:6      | Reached skill level 9 in Axes
  5481 | D:6      | Gained mutation: You are mostly covered in iridescent scales. (AC +4) [demonic ancestry]
  5481 | D:6      | Reached XP level 8. HP: 37/58 MP: 8/8
  5833 | D:6      | Reached **** piety under Trog
  5983 | D:6      | Reached skill level 10 in Axes
  6033 | D:6      | Found a shimmering altar of Xom.
  6094 | D:6      | Received a gift from Trog
  6127 | D:6      | Found Vitsotedgh's Gadget Shop.
  6135 | D:6      | Bought a wand of teleportation (4/9) for 264 gold pieces
  6539 | D:7      | Reached skill level 11 in Axes
  6539 | D:7      | Reached XP level 9. HP: 50/63 MP: 9/9
  6643 | D:7      | Noticed Joseph
  6662 | D:7      | Killed Joseph
  6749 | D:7      | Reached skill level 12 in Axes
  7570 | D:8      | Noticed Grum
  7589 | D:8      | Killed Grum
  7730 | D:8      | Noticed a cyclops
  8033 | D:8      | Killed a cyclops
  8033 | D:8      | Reached skill level 13 in Axes
  8033 | D:8      | Reached XP level 10. HP: 68/70 MP: 10/10
  8035 | D:8      | Reached ***** piety under Trog
  8400 | D:8      | Noticed Pikel
  8429 | D:8      | Killed Pikel
  8604 | D:8      | Got a pitted helmet
  8615 | D:8      | Identified the cursed +0 helmet of Defence {rPois rN+} (You found it on level 8 of the Dungeon)
  8682 | D:8      | Found a staircase to the Lair.
  8696 | D:8      | Reached skill level 14 in Axes
  9726 | D:9      | Received a gift from Trog
 10472 | D:9      | Reached skill level 15 in Axes
 10472 | D:9      | Reached XP level 11. HP: 64/75 MP: 3/11
 10534 | D:10     | Entered Level 10 of the Dungeon
 10534 | D:10     | Found Dafan's General Store.
 10537 | D:10     | Bought a potion of degeneration for 14 gold pieces
 10537 | D:10     | Bought a potion of curing for 42 gold pieces
 10706 | D:10     | Found Veol's Armour Shop.
 10803 | D:10     | Found Coqasoimo's Antique Armour Shop.
 10808 | D:10     | Bought an embroidered cloak for 273 gold pieces
 10924 | D:10     | Found Jopudoku's Food Emporium.
 10946 | D:10     | Found Kigatoet's General Store.
 10949 | D:10     | Bought a potion of agility for 56 gold pieces
 11413 | Lair:1   | Entered Level 1 of the Lair of Beasts
 11481 | Lair:1   | Noticed removeelyvilon's ghost (journeyman DsSu)
 11503 | Lair:1   | Killed removeelyvilon's ghost
 11625 | Lair:1   | Noticed Fannar
 11664 | Lair:1   | Killed Fannar
 12235 | Lair:2   | Found a staircase to the Shoals.
 12294 | Lair:2   | Reached skill level 16 in Axes
 12592 | Lair:2   | Found a dark tunnel.
 12602 | Volcano  | Entered a volcano
 12632 | Volcano  | Received a gift from Trog
 13359 | Volcano  | Found a bloodstained altar of Trog.
 13359 | Volcano  | Noticed a salamander mystic
 13362 | Volcano  | Killed a salamander mystic
 13362 | Volcano  | Reached skill level 17 in Axes
 13362 | Volcano  | Gained mutation: You are completely covered in iridescent scales. (AC +6) [demonic ancestry]
 13362 | Volcano  | Reached XP level 12. HP: 74/81 MP: 4/12
 13369 | Volcano  | Noticed a red draconian
 13379 | Volcano  | Killed a red draconian
 14672 | Lair:2   | Noticed a six-headed hydra
 14680 | Lair:2   | Killed a two-headed hydra
 14680 | Lair:2   | Reached skill level 5 in Fighting
 15499 | Lair:2   | Reached skill level 5 in Armour
 16414 | Lair:3   | Noticed a six-headed hydra
 16426 | Lair:3   | Killed a two-headed hydra
 17210 | Lair:4   | Reached XP level 13. HP: 73/96 MP: 4/13
 17801 | Lair:4   | Found a staircase to the Snake Pit.
 18180 | Lair:4   | Received a gift from Trog
 18587 | Lair:5   | Found a staircase to the Slime Pits.
 19263 | Lair:5   | Reached skill level 10 in Fighting
 20100 | Lair:6   | Entered Level 6 of the Lair of Beasts
 20369 | Lair:6   | Reached skill level 10 in Armour
 20371 | Lair:6   | Gained mutation: You sometimes gain power by taking damage. [demonic ancestry]
 20371 | Lair:6   | Reached XP level 14. HP: 111/111 MP: 4/14
 20449 | Lair:6   | Received a gift from Trog
 21689 | D:11     | Found a staircase to the Orcish Mines.
 22072 | Orc:1    | Entered Level 1 of the Orcish Mines
 22088 | Orc:1    | Reached skill level 18 in Axes
 22115 | Orc:1    | Found a burning altar of Makhleb.
 22628 | Orc:2    | Entered Level 2 of the Orcish Mines
 22825 | Orc:2    | Reached ****** piety under Trog
 22843 | Orc:2    | Found a staircase to the Elven Halls.
 23699 | Orc:1    | Noticed Snorg
 23712 | Orc:1    | Killed Snorg
 24140 | Orc:1    | Found Anweg's Distillery.
 24321 | Orc:1    | Bought a potion of resistance for 160 gold pieces
 24944 | Orc:2    | Found Haveaw's Antique Weapon Shoppe.
 24944 | Orc:2    | Found Entitauv's Food Boutique.
 24947 | Orc:2    | Found Vekytatu's Book Shoppe.
 24947 | Orc:2    | Found Imits's Gadget Boutique.
 24956 | Orc:2    | Bought a wand of disintegration (8/24) for 168 gold pieces
 25277 | D:12     | Found an opulent altar of Gozag.
 25298 | D:12     | Noticed Urug
 25307 | D:12     | Killed Urug
 25343 | D:12     | Reached skill level 19 in Axes
 25742 | D:12     | Noticed Rupert
 25755 | D:12     | Paralysed by Rupert for 2 turns
 25771 | D:12     | Killed Rupert
 26084 | D:13     | Gained mutation: You regenerate health from kills. [demonic ancestry]
 26084 | D:13     | Reached XP level 15. HP: 117/117 MP: 5/15
 26550 | D:13     | Received a gift from Trog
 26560 | D:13     | Got a fine battleaxe {god gift}
 26561 | D:13     | Identified the +5 battleaxe of Absolution {freeze, rPois MR- Dex+7} (Trog gifted it to you on level 13 of the Dungeon)
 26800 | D:14     | Found a gate to the Vaults.
 26953 | D:14     | Noticed Agnes
 27263 | D:14     | Found a blossoming altar of Fedhas.
 27891 | D:14     | Killed Agnes
 27891 | D:14     | Reached skill level 20 in Axes
 28091 | D:15     | Entered Level 15 of the Dungeon
 28131 | D:15     | Found a shattered altar of Ashenzari.
 28194 | D:15     | Received a gift from Trog
 28229 | D:15     | Found a labyrinth entrance.
 28238 | Lab      | Entered a labyrinth
 28362 | Lab      | Noticed zkyp's ghost (novice DDMo)
 28400 | Lab      | Killed zkyp's ghost
 28742 | D:15     | Found a staircase to the Depths.
 29994 | D:15     | Found a sacrificial altar of Ru.
 30175 | Snake:1  | Entered Level 1 of the Snake Pit
 30537 | Orc:1    | Bought 2 potions of heal wounds for 160 gold pieces
 30537 | Orc:1    | Bought a potion of heal wounds for 80 gold pieces
 30537 | Orc:1    | Bought a potion of curing for 48 gold pieces
 30537 | Orc:1    | Bought a potion of curing for 48 gold pieces
 30537 | Orc:1    | Bought a potion of curing for 48 gold pieces
 30760 | Snake:1  | Received a gift from Trog
 30806 | Snake:1  | Got a translucent battleaxe {god gift}
 30808 | Snake:1  | Identified the +4 battleaxe of Trog's Brutal Revenge {freeze, Dex+4} (Trog gifted it to you on level 1 of the Snake Pit)
 30854 | Snake:1  | Reached skill level 21 in Axes
 31060 | Snake:1  | Gained mutation: Your flesh is cold resistant. (rC+) [demonic ancestry]
 31060 | Snake:1  | Reached XP level 16. HP: 123/123 MP: 5/16
 32816 | Snake:1  | Received a gift from Trog
 33204 | Snake:1  | Killed from afar by a shock serpent

Skill      XL: |  1  2  3  4  5  6  7  8  9 10 11 12 13 14 15 |
---------------+----------------------------------------------+-----
Axes           | 3 4 5 6 7 9 11 13 15 17 19 21 | 21.7
Armour         | 6 10 | 10.5
Fighting       | 7 10 | 10.4
Dodging        | |  1.7

Action                   |  1- 3 |  4- 6 |  7- 9 | 10-12 | 13-15 | 16-18 || total
-------------------------+-------+-------+-------+-------+-------+-------++-------
Melee: Hand axe          |    98 |   258 |   102 |       |       |       ||   458
       Kick              |    13 |    56 |   126 |   326 |   482 |    80 ||  1083
       War axe           |       |       |   290 |   104 |       |       ||   394
       Battleaxe         |       |       |       |   771 |   442 |       ||  1213
       Broad axe         |       |       |       |     8 |    16 |       ||    24
       Executioner's axe |       |       |       |       |   976 |   204 ||  1180
Invok: Berserk           |     1 |     5 |     8 |     9 |     5 |       ||    28
       Trog's Hand       |       |       |       |     2 |     2 |     1 ||     5
       Brothers in Arms  |       |       |       |     1 |     1 |       ||     2
       Burn Spellbooks   |       |       |       |     1 |     4 |       ||     5
Evoke: Wand              |       |       |       |     1 |    10 |     1 ||    12
  Use: Scroll            |       |     4 |     2 |    19 |    17 |       ||    42
       Potion            |       |       |       |     4 |     6 |     4 ||    14
 Stab: Sleeping          |       |     1 |       |       |       |       ||     1
  Eat: Chunk             |     2 |     6 |    16 |    16 |     8 |       ||    48
       Bread ration      |       |     2 |       |     5 |     2 |     1 ||    10
       Beef jerky        |       |       |     1 |       |       |       ||     1
       Fruit             |       |       |     2 |       |       |       ||     2
       Meat ration       |       |       |       |     1 |     6 |     1 ||     8
       Pizza             |       |       |       |       |     3 |       ||     3
Armor: Animal skin       |    27 |    16 |       |       |       |       ||    43
       Ring mail         |       |    59 |    63 |       |       |       ||   122
       Leather armour    |       |    17 |       |       |       |       ||    17
       Plate armour      |       |       |   152 |   551 |  1166 |   133 ||  2002
Dodge: Dodged            |    84 |   163 |   150 |   259 |   539 |    69 ||  1264
